 Dungeon Crawl Stone Soup version 0.16.2-3-ga078185 (webtiles) character file.

72 gorblad the Skirmisher (level 4, -3/36 HPs)
             Began as a Demonspawn Abyssal Knight on Sept 8, 2015.
             Was a Follower of Lugonu.
             Slain by Sigmund
             ... wielding a +3 scythe of freezing
              (9 damage)
             ... on level 3 of the Dungeon.
             The game lasted 00:05:38 (2436 turns).

gorblad the Skirmisher (Demonspawn Abyssal Knight)  Turns: 2436, Time: 00:05:39

Health: -3/36      AC: 10    Str: 13    XL:     4   Next: 7%
Magic:  6/6        EV:  6    Int: 13    God:    Lugonu [*.....]
Gold:   96         SH:  0    Dex: 16    Spells: 0 memorised, 3 levels left

rFire  . . .     SeeInvis .     a - +1 falchion
rCold  . . .     Clarity  .     j - +1 chain mail
rNeg   . . .     SustAb   .     (no shield)
rPois  .         Gourm    .     (no helmet)
rElec  .         Spirit   .     (no cloak)
rCorr  .         Warding  .     (no gloves)
rMut   .         Stasis   .     i - +0 pair of boots
MR     .....                    (no amulet)
Stlth  ..........               (no ring)
                                g - +3 ring of dexterity

@: not resistant to hostile enchantments, extremely unstealthy
A: powered by pain 1, spiny 1
a: Depart the Abyss, Renounce Religion


You were on level 3 of the Dungeon.
You worshipped Lugonu.
Lugonu was aware of your devotion.
You were not hungry.

You visited 1 branch of the dungeon, and saw 3 of its levels.
You visited the Abyss 1 time.

You collected 96 gold pieces.

Inventory:

Hand weapons
 a - a +1 falchion (weapon)
Armour
 b - a +0 leather armour
 i - a +0 pair of boots (worn)
 j - a +1 chain mail (worn)
Jewellery
 g - a +3 ring of dexterity (left hand)
Potions
 e - 2 potions of curing {unknown}
 f - a potion of flight {unknown}
Comestibles
 k - a bread ration
 m - 4 beef jerkies


   Skills:
 + Level 3.6 Fighting
 + Level 2.5 Long Blades
 + Level 2.2 Armour
 + Level 1.2 Dodging
 + Level 3.2 Invocations


You had 3 spell levels left.
You didn't know any spells.

Dungeon Overview and Level Annotations

Branches:
Dungeon (3/15)

Altars:
Ru

Annotations:
D:3 Sigmund


Innate Abilities, Weirdness & Mutations

You sometimes gain a little power by taking damage.
You are partially covered in sharp spines.


Message History

Sigmund is heavily wounded.
Sigmund gestures wildly while chanting.
Sigmund flickers and vanishes!
Deactivating autopickup; reactivate with Ctrl-A.
You miss something. Something hits you. Something freezes you.
* * * LOW HITPOINT WARNING * * *
You miss something. Something hits you but does no damage.
You miss something.
Your chain mail prevents you from hitting something.
You hear some strange, mumbled words.
The puff of flame hits you!
* * * LOW HITPOINT WARNING * * *
You miss something. Something hits you but does no damage.
You hit something. Something hits you but does no damage.
You hit something. Something hits you.
* * * LOW HITPOINT WARNING * * *
Something freezes you.
* * * LOW HITPOINT WARNING * * *
You closely miss something. Something hits you!
You die...

### #...# ... ..
... ... ...
###.####.#
##.....##.#
.#.......#{#
..#.......#@#
......_..[..#
#.......#.#
#.......#.# #
##.....##.###
.#..####.####....
..............###
.................#
........#......#.


There were no monsters in sight!

Vanquished Creatures
  3 adders (D:2)
  2 worms (D:2)
  2 giant geckos
  A ball python (D:1)
  3 goblins
  3 hobgoblins
  3 jackals (D:2)
  6 kobolds
  5 bats
  2 giant newts (D:2)
  3 rats
33 creatures vanquished.

Vanquished Creatures (others)
  2 starspawn tentacles (Abyss:1)
2 creatures vanquished.

Grand Total: 35 creatures vanquished

Notes
Turn   | Place    | Note
--------------------------------------------------------------
     0 | Abyss:1  | gorblad, the Demonspawn Abyssal Knight, began the quest for the Orb.
     0 | Abyss:1  | Reached XP level 1. HP: 18/18 MP: 1/1
     2 | Abyss:1  | Found a corrupted altar of Lugonu.
    51 | Abyss:1  | Noticed a rakshasa
    53 | Abyss:1  | Noticed a tentacled starspawn
    86 | D:1      | Escaped the Abyss
   368 | D:1      | Acquired Lugonu's first power
   502 | D:1      | Gained mutation: You are partially covered in sharp spines. [demonic ancestry]
   502 | D:1      | Reached XP level 2. HP: 22/24 MP: 2/2
   565 | D:1      | Reached skill level 1 in Dodging
  1242 | D:2      | Gained mutation: You sometimes gain a little power by taking damage. [demonic ancestry]
  1242 | D:2      | Reached XP level 3. HP: 7/29 MP: 3/5
  2306 | D:2      | Reached XP level 4. HP: 27/36 MP: 6/6
  2411 | D:3      | Found a sacrificial altar of Ru.
  2419 | D:3      | Noticed Sigmund
  2436 | D:3      | Slain by Sigmund

Action                   |  1- 3 |  4- 6 || total
-------------------------+-------+-------++-------
Melee: Falchion          |   113 |    16 ||   129
Invok: Depart the Abyss  |     1 |       ||     1
  Use: Scroll            |       |     3 ||     3
  Eat: Bread ration      |     1 |       ||     1
       Chunk             |       |     1 ||     1
